 Dungeon Crawl Stone Soup version 0.17-a0-1900-g45e8110 (webtiles) character file.

9247 derrpe the Nimble (level 11, -12/49 HPs)
             Began as a Felid Transmuter on Sept 24, 2015.
             Was an Elder of Ashenzari.
             Mangled by Snorg (28 damage)
             ... on level 11 of the Dungeon.
             The game lasted 01:19:40 (23745 turns).

derrpe the Nimble (Felid Transmuter)               Turns: 23745, Time: 01:19:40

Health: -12/49     AC: 11    Str:  6    XL:     11   Next: 20%
Magic:  11/18      EV: 32    Int: 22    God:    Ashenzari [****..]
Gold:   1217       SH:  0    Dex: 16    Spells: 5 memorised, 1 level left
                                        Lives:  0   Deaths: 3

rFire  + . .     SeeInvis +       - Unarmed
rCold  + . .     Clarity  +     (armour unavailable)
rNeg   . . .     SustAt   .     (shield unavailable)
rPois  .         Gourm    +     (helmet unavailable)
rElec  .         Spirit   .     (cloak unavailable)
rCorr  .         Warding  .     (gloves unavailable)
rMut   .         Stasis   .     (boots unavailable)
MR     +....                    w - amulet of the gourmand (curse)
Stlth  ++++......               J - ring "Geer" {rF+ Int+6} (curse)
                                A - +5 ring of evasion (curse)

@: icy armour, blade paws, quick, somewhat resistant to hostile enchantments,
stealthy
A: no armour, no weapons or thrown items, claws 1, fangs 3, see invisible,
carnivore 3, clumsy 1, dopey 1, speed 1, low mp 1, shaggy fur 3, slow metabolism
1, spit poison 1, no device heal 1, (sharp paws)
a: Spit Poison, End Transformation, Scrying, Renounce Religion


You were on level 11 of the Dungeon.
You worshipped Ashenzari.
Ashenzari was greatly pleased with you.
You were very full.
You had blades for front paws.
You visited 3 branches of the dungeon, and saw 16 of its levels.
You also visited: Ossuary.

You collected 1713 gold pieces.
You spent 496 gold pieces at shops.

Inventory:

Missiles
 a - 75 arrows
Jewellery
 d - the ring "Reamek" {Wiz Str+6}
   (You bought it in a shop on level 4 of the Orcish Mines)

   [ring of wizardry]

   It improves your spell success rate.
   It affects your strength (+6).
 w - a cursed amulet of the gourmand (around neck)
 A - a cursed +5 ring of evasion (left scythe-like blade)
 J - the cursed ring "Geer" (right scythe-like blade) {rF+ Int+6}
   (You found it on level 9 of the Dungeon)

   [ring of protection from fire]

   It affects your intelligence (+6).
   It protects you from fire.
   It has a curse placed upon it.
Magical devices
 e - a wand of fireball (4)
 z - a wand of slowing (15)
 H - a wand of lightning (9)
 I - a wand of paralysis (16)
Scrolls
 f - 2 scrolls of teleportation
 m - 2 scrolls of remove curse
 y - 5 scrolls of magic mapping
 E - 2 scrolls of curse jewellery
 G - a scroll of torment
Potions
 h - a potion of resistance
 k - a potion of curing
 v - a potion of cancellation
 F - a potion of haste
Books
 o - a book of the Earth

   Spells                             Type                      Level
   a - Leda's Liquefaction            Hexes/Earth                  4
   b - Bolt of Magma                  Conjuration/Fire/Earth       5
   c - Statue Form                    Transmutation/Earth          6
   d - Iron Shot                      Conjuration/Earth            6
   e - Shatter                        Earth                        9
Comestibles
 c - 11 meat rations {@e2}
 n - 2 beef jerkies
 s - 7 slices of pizza


   Skills:
 + Level 6.8 Fighting
 + Level 12.5 Dodging
 + Level 10.0 Stealth
 * Level 9.7 Unarmed Combat
 + Level 5.8 Spellcasting
 - Level 4.4(7.8) Charms
 * Level 9.2(12.5) Transmutations
 - Level 5.1(8.5) Ice Magic
 - Level 4.2(7.5) Earth Magic
   Level 3.9(7.1) Poison Magic


You had one spell level left.
You knew the following spells:

 Your Spells              Type           Power        Failure   Level  Hunger
a - Blade Hands           Trmt           ######....   17%         5    #####..
b - Statue Form           Trmt/Erth      ######...    67%         6    #######
c - Sticks to Snakes      Trmt           ######....   8%          2    None
d - Ice Form              Ice/Trmt       ######..     17%         4    ####...
e - Ozocubu's Armour      Chrm/Ice       #####...     14%         3    ##.....


Dungeon Overview and Level Annotations

Branches:
Dungeon (11/15)            Temple (1/1) D:4             Orc (4/4) D:9
    Elf (0/3) Orc:3
   Lair: D:8-11

Altars:
Ashenzari
Cheibriados
Dithmenos
Elyvilon
Fedhas
Gozag
Kikubaaqudgha
Makhleb
Nemelex Xobeh
Okawaru
Qazlal
Ru
Sif Muna
Trog
Vehumet
Xom
Yredelemnul
Zin
The Shining One
Beogh

Shops:
D:8 }   D:10 *   Orc:4 [=!(

Annotations:
D:5 Dowan, Duvessa
D:6 tp1's ghost, experienced DECj
D:11 Snorg


Innate Abilities, Weirdness & Mutations

You cannot wear armour.
You are incapable of wielding weapons or throwing items.
You have sharp claws.
You have razor-sharp teeth.
You have supernaturally acute eyesight.
You are carnivorous and can eat meat at any time.
You cover ground quickly.
Your thick and shaggy fur keeps you warm (AC +3, rC+).
You have a slow metabolism.
((Your sharp claws are effective at attacking unaware monsters.))
You are clumsy. (Dex -2)
You are dopey. (Int -2)
Your magical capacity is low (-10% MP).
You can spit weak poison.
Potions and wands are less effective at restoring your health.


Message History

You slice Snorg!!
Snorg is heavily wounded.
Snorg misses you. Snorg completely misses you. Snorg completely misses you.
Snorg misses you. Snorg claws you but does no damage. Snorg misses you.
You slice Snorg!! You bite Snorg.
Snorg is heavily wounded.
Snorg completely misses you. Snorg claws you!
Snorg claws you but does no damage.
You slice Snorg!!
Snorg is severely wounded.
Snorg completely misses you. Snorg misses you. Snorg completely misses you.
Unknown command.
You slice Snorg!!
Snorg is almost dead.
Snorg completely misses you. x3
You closely miss Snorg.
Snorg is almost dead.
Snorg bites you!!
Ouch! That really hurt!
You die...

#.###.#.# #.....#
#....... #.......#
#.....########.####
#####.###
#.....(........#
#####.#####
#.....##########
#.[.......#####.....#
#..............†...##
#.........###.#<..##
#.........# #.##..#
#.........###.##@.#
#.......[......T..#
#.........###.##.##
#.........# #.##†#
#.........###.##.#
#######.....(.##.#
##########.# ** *
#.#** * , #.. ,, , **
*


You could see Snorg (berserk).

Vanquished Creatures
  Erolcha (Orc:2)
  Fannar (D:10)
  A hydra (D:8)
  Sonja (Orc:2)
  3 skeletal warriors (D:11)
  3 orc high priests (Orc:4)
  An unseen horror (D:10)
  5 orc knights
  A wolf spider zombie (D:10)
  4 orc sorcerers (Orc:4)
  Joseph (D:10)
  Psyche (D:10)
  A komodo dragon (D:11)
  A troll (Orc:2)
  A wyvern (D:11)
  A deep elf mage (D:10)
  2 yaks (D:8)
  2 hippogriffs (D:10)
  A hungry ghost (D:8)
  2 wolves
  2 wargs
  A water moccasin (D:10)
  An ice beast (D:7)
  2 necrophages
  20 orc warriors
  2 sky beasts
  A black bear (D:9)
  3 phantoms
  9 ogres
  4 centaurs
  7 giant frogs
  An elf zombie (Ossuary)
  A crocodile (D:9)
  5 big kobolds
  A gnoll sergeant (D:8)
  A wyvern zombie (D:9)
  3 jellies
  5 scorpions
  8 wights
  3 crimson imps
  A giant frog zombie (D:10)
  9 hounds
  23 orc priests
  2 centaur zombies
  A human zombie (Ossuary)
  20 orc wizards
  A giant frog skeleton (D:8)
  3 centaur skeletons
  5 iguanas
  6 worker ants
  2 sheep (D:8)
  2 big kobold zombies (Ossuary)
  A mummy (Ossuary)
  2 hound zombies (Ossuary)
  11 adders
  7 gnolls
  5 oozes
  3 adder zombies (Ossuary)
  A worm zombie (D:8)
  An adder skeleton (D:4)
  2 worms
  6 giant geckos
  154 orcs
  3 bats
  9 giant cockroaches
  7 goblins
  4 hobgoblins (D:1)
  16 jackals
  3 quokkas
  3 giant gecko skeletons
  3 giant newts
  2 goblin zombies (Ossuary)
  2 hobgoblin zombies (Ossuary)
  4 jackal zombies (Ossuary)
  10 kobolds
  A quokka skeleton (D:4)
  5 quokka zombies
  12 rats
  A rat zombie (Ossuary)
467 creatures vanquished.

Vanquished Creatures (collateral kills)
  2 orc knights
  The ghost of Anothat the Fighter, an experienced VSMo of Dithmenos (D:7)
  Grum (D:9)
  A wasp (D:7)
  An orc warrior (Orc:1)
  A sky beast (D:6)
  4 orc priests
  A big kobold zombie (Ossuary)
  2 mummies (Ossuary)
  3 gnolls (D:8)
  An adder (D:7)
  An adder zombie (Ossuary)
  10 orcs
  A gnoll zombie (Ossuary)
  2 hobgoblin zombies (Ossuary)
  A jackal (D:6)
  2 jackal zombies (Ossuary)
  A kobold (D:9)
  An orc zombie (Ossuary)
  3 quokka zombies (Ossuary)
  A rat zombie (Ossuary)
41 creatures vanquished.

Vanquished Creatures (others)
  An orc wizard (Orc:4)
  3 plants (D:11)
4 creatures vanquished.

Grand Total: 512 creatures vanquished

Notes
Turn   | Place    | Note
--------------------------------------------------------------
     0 | D:1      | derrpe the Felid Transmuter began the quest for the Orb.
     0 | D:1      | Reached XP level 1. HP: 9/9 MP: 4/4
   264 | D:1      | Reached XP level 2. HP: 12/12 MP: 6/6
   892 | D:1      | Reached XP level 3. HP: 15/15 MP: 7/7
  1123 | D:2      | Reached skill level 4 in Dodging
  1212 | D:2      | Found an iron altar of Okawaru.
  1321 | D:2      | Found a shadowy altar of Dithmenos.
  1354 | D:2      | Found a sparkling altar of Nemelex Xobeh.
  1849 | D:2      | Reached XP level 4. HP: 19/19 MP: 8/8
  1884 | D:2      | Learned a level 3 spell: Spider Form
  2344 | D:3      | Found a basalt altar of Yredelemnul.
  2640 | D:3      | Reached skill level 1 in Poison Magic
  2859 | D:3      | Reached skill level 5 in Dodging
  2859 | D:3      | Reached XP level 5. HP: 22/22 MP: 5/9
  2870 | D:3      | Mangled by an orc priest
  2871 | D:3      | Reached XP level 4. HP: -6/19 MP: 6/8
  3359 | D:4      | Reached XP level 5. HP: 20/22 MP: 5/9
  3391 | D:4      | Found a staircase to the Ecumenical Temple.
  3397 | Temple   | Entered the Ecumenical Temple
  3686 | D:4      | Found a shattered altar of Ashenzari.
  3693 | D:4      | Became a worshipper of Ashenzari the Shackled
  5173 | D:5      | Entered Level 5 of the Dungeon
  5286 | D:5      | Noticed Dowan
  5295 | D:5      | Noticed Duvessa
  5337 | D:5      | Learned a level 2 spell: Sticks to Snakes
  5556 | D:5      | Reached skill level 6 in Dodging
  5556 | D:5      | Reached skill level 5 in Transmutations
  5556 | D:5      | Gained mutation: You are covered in thick fur (AC +2). [Felid growth]
  5556 | D:5      | Reached XP level 6. HP: 25/25 MP: 6/10
  6025 | D:6      | Noticed tp1's ghost (experienced DECj)
  6190 | D:6      | Reached XP level 7. HP: 6/28 MP: 1/11
  6464 | D:6      | Reached skill level 7 in Dodging
  6618 | D:6      | HP: 1/28 [acid (7)]
  7812 | D:7      | Noticed Anothat's ghost (experienced VSMo)
  7822 | D:7      | Acquired Ashenzari's first power
  7861 | D:7      | Killed Anothat's ghost
  7861 | D:7      | Reached skill level 8 in Dodging
  7861 | D:7      | Reached XP level 8. HP: 10/32 MP: 2/12
  8079 | D:7      | Learned a level 4 spell: Ice Form
  8506 | D:7      | Reached skill level 1 in Ice Magic
  9301 | D:8      | Found Gixihef's Gadget Boutique.
  9324 | D:8      | Found a sand-covered staircase.
  9329 | Ossuary  | Entered an ossuary
  9702 | Ossuary  | Reached skill level 9 in Dodging
  9876 | Ossuary  | Reached XP level 9. HP: 35/35 MP: 13/13
 10132 | D:8      | Reached skill level 1 in Stealth
 10488 | D:8      | Acquired Ashenzari's second power
 10555 | D:8      | Found a radiant altar of Vehumet.
 11033 | D:8      | Gained mutation: Potions and wands are less effective at restoring your health. [potion of mutation]
 11033 | D:8      | Gained mutation: You are dopey. (Int -2) [potion of mutation]
 11033 | D:8      | Gained mutation: You can spit weak poison. [potion of mutation]
 11034 | D:8      | Gained mutation: You are clumsy. (Dex -2) [potion of mutation]
 11034 | D:8      | Gained mutation: Your magical capacity is low (-10% MP). [potion of mutation]
 11204 | D:8      | Reached skill level 5 in Ice Magic
 11421 | D:8      | Noticed a three-headed hydra
 11433 | D:8      | Killed a three-headed hydra
 11433 | D:8      | Reached skill level 10 in Dodging
 11438 | D:8      | Reached XP level 10. HP: 26/42 MP: 2/12
 11875 | D:9      | Found a staircase to the Orcish Mines.
 11897 | D:9      | Noticed Grum
 12017 | D:8      | Reached skill level 5 in Stealth
 12059 | D:9      | Killed Grum
 12346 | D:9      | Reached skill level 5 in Unarmed Combat
 12475 | D:9      | Identified the ring "Geer" {rF+ Int+6}
 12914 | D:9      | Found a glowing silver altar of Zin.
 12915 | D:9      | Noticed an angel
 12956 | D:9      | Acquired Ashenzari's third power
 13009 | D:10     | Entered Level 10 of the Dungeon
 13013 | D:10     | Noticed Fannar
 13310 | D:10     | Learned a level 5 spell: Blade Hands
 13561 | D:10     | Noticed Psyche
 13568 | D:10     | Killed Psyche
 13607 | D:10     | Noticed Joseph
 13631 | D:10     | Killed Joseph
 13631 | D:10     | Reached skill level 11 in Dodging
 14001 | D:10     | HP: 2/51 [Fannar/quarterstaff of freezing (11)]
 14284 | D:10     | Killed Fannar
 14397 | D:10     | Reached XP level 11. HP: 24/46 MP: 16/16
 14411 | D:10     | Reached skill level 5 in Fighting
 14795 | D:10     | Learned a level 3 spell: Ozocubu's Armour
 14801 | D:10     | Noticed an unseen horror
 14828 | D:10     | Killed an unseen horror
 15050 | D:10     | Found Gozag's Platinum Reserve.
 15054 | D:10     | Found an opulent altar of Gozag.
 15820 | D:11     | Noticed a skeletal warrior
 15820 | D:11     | Noticed a skeletal warrior
 15820 | D:11     | Noticed a skeletal warrior
 15820 | D:11     | Noticed a skeletal warrior
 15820 | D:11     | Noticed a skeletal warrior
 15834 | D:11     | Killed a skeletal warrior
 15834 | D:11     | Reached skill level 1 in Charms
 15842 | D:11     | Killed a skeletal warrior
 15845 | D:11     | HP: 1/57 [skeletal warrior/glaive (10)]
 15953 | D:10     | HP: 2/48 [wolf spider zombie (7)]
 15957 | D:10     | Slain by a wolf spider zombie
 15958 | D:10     | Reached XP level 10. HP: -3/44 MP: 12/16
 16225 | Orc:1    | Entered Level 1 of the Orcish Mines
 16471 | Orc:2    | Found a roughly hewn altar of Beogh.
 16542 | Orc:2    | Acquired Ashenzari's fourth power
 16671 | Orc:2    | Noticed Sonja
 16695 | Orc:2    | Killed Sonja
 17350 | Orc:2    | Noticed Erolcha
 17363 | Orc:2    | Killed Erolcha
 17363 | Orc:2    | Reached XP level 11. HP: 48/48 MP: 9/17
 17614 | Orc:3    | Found a staircase to the Elven Halls.
 18325 | Orc:3    | Reached skill level 5 in Spellcasting
 18364 | Orc:3    | Learned a level 6 spell: Statue Form
 18376 | Orc:4    | Entered Level 4 of the Orcish Mines
 19089 | Orc:3    | Reached skill level 12 in Dodging
 19089 | Orc:3    | Reached skill level 1 in Earth Magic
 19939 | Orc:4    | Found a roughly hewn altar of Beogh.
 20852 | Orc:4    | Noticed an orc high priest
 20860 | Orc:4    | Killed an orc high priest
 20876 | Orc:4    | Noticed an orc high priest
 20877 | Orc:4    | Noticed an orc high priest
 21198 | Orc:4    | HP: 1/58 [orc priest/divine providence[an orc knight] (14)]
 21764 | Orc:4    | Noticed a sun demon
 21767 | Orc:4    | Killed an orc high priest
 22495 | Orc:4    | Noticed an ice devil
 22497 | Orc:4    | Killed an orc high priest
 22497 | Orc:4    | Gained mutation: Your thick and shaggy fur keeps you warm (AC +3, rC+). [Felid growth]
 22497 | Orc:4    | Reached XP level 12. HP: 33/53 MP: 13/19
 22574 | Orc:4    | HP: 1/53 [orc knight/battleaxe (8)]
 22945 | Orc:4    | Found Etal's Armour Emporium.
 22945 | Orc:4    | Found Jyip's Weapon Shop.
 22947 | Orc:4    | Found Fisumor's Jewellery Emporium.
 22947 | Orc:4    | Found Jyeforyi's Distillery.
 22959 | Orc:4    | Bought the ring "Reamek" {Wiz Str+6} for 496 gold pieces
 22978 | Orc:4    | Reached skill level 10 in Stealth
 23494 | D:11     | Killed a skeletal warrior
 23623 | D:11     | Noticed Snorg
 23696 | D:11     | HP: 2/53 [Snorg (10)]
 23697 | D:11     | Demolished by Snorg
 23698 | D:11     | Reached XP level 11. HP: -18/49 MP: 12/18
 23745 | D:11     | Mangled by Snorg

Vault maps used:
D:1:      saegor_arrival_under_anarchy
D:2:      nicolae_overflow_crystal_walls, okawaru_metal_pillars_1_2,
          nemelex_xobeh_ov_fountains_minmay
D:3:      lemuel_round_altar, first_bread, minmay_misc_feat_nine_boxes
D:4:      evilmike_ruin_ashenzari, minmay_temple_entry_hall, roderic_lattice_a
D:5:      uniq_duvessa
D:8:      vehumet_crystals, enter_ossuary_3, serial_shops, shop_fountains,
          hangedman_ranch
D:9:      nicolae_whirlpool, zin_angel, orc_0_dummy, kennysheep_potato,
          uniq_grum
D:10:     nicolae_gozag_zags_fifth_avenue, uniq_psyche, uniq_joseph,
          uniq_fannar, uniq_nergalle
D:11:     david_lair_shrubbed, uniq_snorg
Temple:   jpeg_temple_clearing_12
Orc:2:    basic_altar, uniq_sonja, uniq_erolcha
Orc:3:    nicolae_orc_pool_cavern
Orc:4:    grunt_orc_tribal_feast, minmay_orc_temple_b
Ossuary:  minmay_ossuary_two_tombs

Action                   |  1- 3 |  4- 6 |  7- 9 | 10-12 || total
-------------------------+-------+-------+-------+-------++-------
Melee: Unarmed           |    90 |   210 |   390 |   930 ||  1620
 Cast: Beastly Appendage |     3 |     3 |     1 |       ||     7
       Spider Form       |       |    19 |    21 |     6 ||    46
       Sticks to Snakes  |       |     3 |    32 |    22 ||    57
       Ice Form          |       |       |     9 |    47 ||    56
       Ozocubu's Armour  |       |       |       |    55 ||    55
       Blade Hands       |       |       |       |    21 ||    21
 Abil: End Transformatio |       |       |     1 |     2 ||     3
       Spit Poison       |       |       |       |     4 ||     4
Evoke: Wand              |       |       |     4 |     2 ||     6
  Use: Potion            |       |     1 |     3 |    16 ||    20
       Scroll            |       |       |    15 |    16 ||    31
 Stab: Sleeping          |     6 |     7 |     4 |    22 ||    39
       Distracted        |       |       |     2 |     6 ||     8
       Invisible         |       |       |       |     3 ||     3
  Eat: Chunk             |     9 |    16 |    21 |    51 ||    97
